 Dungeon Crawl Stone Soup version 0.30.1-4-g462c640d31 (webtiles) character file.

Game seed: 6961948147261391104

0 rvierbuc the Arsonist (level 1, -4/13 HPs)
             Began as a Gnoll Wanderer on Aug 21, 2023.
             Slain by a swamp drake (8 damage)
             ... on level 1 of the Dungeon.
             The game lasted 00:01:30 (71 turns).

rvierbuc the Arsonist (Gnoll Wanderer)                Turns: 71, Time: 00:01:31

Health: -4/13      AC:  2    Str:  9    XL:     1   Next: 0%
Magic:  3/4        EV: 11    Int: 11    God:
Gold:   0          SH:  0    Dex: 13    Spells: 4/5 levels left

rFire   . . .        a - +0 dagger
rCold   . . .        (no shield)
rNeg    . . .        c - +0 robe
rPois   .            (no helmet)
rElec   .            (no cloak)
rCorr   .            (no gloves)
SInv    .            (no boots)
Will    .....        (no amulet)
Stlth   +            (no ring)
HPRegen 0.22/turn    (no ring)
MPRegen 0.09/turn

%: no passive effects
@: confused
A: fangs 1, strong nose, distributed training
a: no special abilities


You were on level 1 of the Dungeon.
You visited 1 branch of the dungeon, and saw 1 of its levels.

Inventory:

Hand Weapons
 a - a +0 dagger (weapon)
Armour
 c - a +0 robe (worn)
Potions
 b - a potion of heal wounds


   Skills:
 + Level 0.0 Fighting
 + Level 0.0 Short Blades
 + Level 0.0 Long Blades
 + Level 0.0 Axes
 + Level 0.0 Maces & Flails
 + Level 0.0 Polearms
 + Level 0.0 Staves
 + Level 0.0 Ranged Weapons
 + Level 2.3 Throwing
 + Level 0.0 Armour
 + Level 0.0 Dodging
 + Level 0.0 Stealth
 + Level 0.0 Shields
 + Level 0.0 Unarmed Combat
 + Level 2.6 Spellcasting
 + Level 0.0 Conjurations
 + Level 1.9 Hexes
 + Level 0.0 Summonings
 + Level 0.0 Necromancy
 + Level 0.0 Translocations
 + Level 0.0 Transmutations
 + Level 8.7 Fire Magic
 + Level 0.0 Ice Magic
 + Level 0.0 Air Magic
 + Level 0.0 Earth Magic
 + Level 0.0 Poison Magic
 + Level 0.0 Invocations
 + Level 4.4 Evocations


You had 4 spell levels left.
You knew the following spells:

 Your Spells              Type           Power      Damage    Failure   Level
a - Foxfire               Conj/Fire      44%        2x1d6     4%          1

Your spell library contained the following spells:

 Spells                   Type           Power      Damage    Failure   Level
 Scorch                   Fire           40%        2d6       1%          2
 Inner Flame              Hex/Fire       13%        N/A       10%         3
 Slow                     Hex            20%        N/A       12%         1
 Ignite Poison            Fire/Tmut/Pois 7%         N/A       26%         3


Dungeon Overview and Level Annotations

Branches:
Dungeon (1/15)

Altars:


Innate Abilities, Weirdness & Mutations

You have very sharp teeth.
Your uncanny sense of smell can sniff out nearby items.
Your experience applies equally to all skills.


Message History

You feel less confused.
You feel sick.
You feel sick.
Nothing quivered!
Casting: Foxfire (safe; 4% risk of failure)
Confirm with . or Enter, or press ? or * to list all spells.
You conjure some foxfire!
You feel sick.
You are no longer poisoned.
The swamp drake closely misses you.
Your foxfire dissipates!
The swamp drake breathes poison at you.
The noxious blast engulfs you but does no damage.
You are poisoned.
Unknown command.
You are engulfed in noxious fumes.
You choke on the stench!
You are confused.
You feel sick.
There is an open door here.
Found a scroll labelled VIBI JEFAYWIFA.
You are engulfed in noxious fumes.
You choke on the stench!
You are more confused.
You feel sick.
You feel sick.
You are no longer poisoned.
You bump into the rock wall.
You feel less confused. The swamp drake breathes poison at you.
The noxious blast engulfs you but does no damage.
You are poisoned.
You are engulfed in noxious fumes.
You choke on the stench!
You are confused.
You feel sick.
You are engulfed in noxious fumes.
You choke on the stench!
You are more confused.
You feel sick.
You feel sick.
You are no longer poisoned.
The swamp drake bites you!
Ouch! That really hurt!
You die...

#.#.#.....#.#.#
#...#..<..#...#
#.#.#.....#.#.#
#.#.#######.#.#
#.#.........#.#
#.###########.#
#....°°.......#
#?#######'#######.#
#....@k...........#
####.########.#####
#..# #..# #.## #.##
#. #.....# #.
#.....# ..
....>.... ..
###....$# #.....#


You could see a swamp drake (catching breath).

Vanquished Creatures (others)
  2 foxfires (D:1)
2 creatures vanquished.

Notes
Turn   | Place    | Note
-------+----------+-------------------------------------------
     0 | D:1      | rvierbuc the Gnoll Wanderer began the quest for the Orb.
     0 | D:1      | rvierbuc set off with the following items: a +0 dagger, a
                  | potion of heal wounds, a +0 robe, a wand of polymorph (6);
                  | and the following spells available to memorise: Scorch,
                  | Foxfire, Inner Flame, Slow, Ignite Poison.
     0 | D:1      | Reached XP level 1. HP: 13/13 MP: 4/4
    35 | D:1      | Learned a level 1 spell: Foxfire
    45 | D:1      | a bat changed into a swamp drake
    45 | D:1      | Noticed a swamp drake
    46 | D:1      | a swamp drake changed into a steam dragon
    46 | D:1      | Noticed a steam dragon
    47 | D:1      | a steam dragon changed into a wyvern
    47 | D:1      | Noticed a wyvern
    48 | D:1      | a wyvern changed into a swamp drake
    48 | D:1      | Noticed a swamp drake
    71 | D:1      | Slain by a swamp drake

Illustrated notes

Levels and vault maps discovered:
D:1:      matt_arrival_refuge, layout_loops_ring, chequers_serial_rivers_room_b

Action                     || total
---------------------------++-------
  Melee: Dagger            ||     8
   Cast: Foxfire           ||     2
  Evoke: Wand              ||     6
 Armour: Robe              ||     1
  Dodge: Dodged            ||     7
